Map: Galactic Process LE

Players

Delegasa - Winner!

  • Race: Protoss Protoss
  • League: Gold
  • Spawn Location: 1:00

Fropez

  • Race: Protoss Protoss
  • Spawn Location: 7:00

VOD

Have the link to the VOD?

Description

Time

  • Played on: Oct. 18, 2016, 6:16 p.m.
  • Length: 14:29
Show
View Real Time Build Order
Export as new Build Order

Delegasa Protoss - Winner!

Build Orders: Cannon Rush 

Get SALT Encoding   

  12  0:01  Probe (Chrono Boost)  
  13  0:11  Probe (Chrono Boost)  
  14  0:19  Pylon  
  14  0:34  Probe (Chrono Boost)  
  15  0:40  Gateway  
  15  0:46  Probe (Chrono Boost)  
  16  0:55  Forge  
  16  0:59  Probe (Chrono Boost)  
  17  1:06  Pylon  
  17  1:25  Pylon  
  17  1:29  Photon Cannon  
  17  1:32  Photon Cannon  
  17  1:47  Photon Cannon  
  17  2:03  Pylon  
  17  2:06  Pylon  
  17  2:11  Photon Cannon  
  17  2:13  Photon Cannon  
  17  2:21  Pylon  
  17  2:27  Photon Cannon  
  16  2:41  Gateway  
  16  2:49  Nexus  
  16  2:57  Cybernetics Core  
  16  3:02  Assimilator  
  16  3:08  Probe (Chrono Boost)  
  17  3:19  Probe (Chrono Boost)  
  18  3:29  Probe (Chrono Boost), Assimilator  
  19  3:38  Zealot x2  
  23  3:44  Pylon  
  23  3:48  Warp Gate (Chrono Boost)  
  23  4:00  Probe  
  23  4:02  Probe  
  25  4:11  Stalker  
  25  4:12  Probe  
  25  4:15  Stalker  
  30  4:18  Probe  
  31  4:25  Probe  
  32  4:33  Probe  
  32  4:37  Probe  
  34  4:47  Probe (Chrono Boost)  
  34  4:49  Probe (Chrono Boost), Protoss Ground Weapons Level 1  
  37  5:00  Probe (Chrono Boost), Mothership Core (Chrono Boost)  
  39  5:10  Probe (Chrono Boost)  
  40  5:19  Pylon, Probe (Chrono Boost)  
  40  5:21  Probe (Chrono Boost), Robotics Facility  
  42  5:25  Pylon  
  42  5:27  Pylon  
  42  5:30  Probe (Chrono Boost)  
  43  5:38  Gateway  
  43  5:41  Gateway  
  43  5:45  Probe (Chrono Boost)  
  43  5:48  Assimilator  
  44  5:51  Stalker  
  44  5:52  Sentry  
  44  5:56  Probe (Chrono Boost)  
  49  6:02  Probe (Chrono Boost)  
  49  6:03  Twilight Council  
  50  6:13  Probe (Chrono Boost)  
  50  6:14  Probe (Chrono Boost), Assimilator  
  50  6:15  Stalker  
  54  6:20  Sentry  
  60  6:32  Immortal  
  60  6:42  Probe (Chrono Boost)  
  60  6:43  Pylon  
  60  6:46  Pylon  
  61  6:52  Probe (Chrono Boost)  
  61  6:53  Probe (Chrono Boost)  
  61  6:54  Stalker, Zealot  
  65  6:57  Sentry  
  65  7:00  Pylon  
  69  7:07  Stalker  
  71  7:11  Probe (Chrono Boost)  
  72  7:21  Stalker  
  72  7:22  Pylon, Sentry  
  76  7:48  Immortal  
  76  7:51  Nexus  
  80  7:53  Gateway  
  80  7:59  Dark Shrine  
  77  8:11  Stalker x3  
  77  8:12  Stalker  
  74  8:49  Nexus  
  74  9:05  Probe x2 (Chrono Boost)  
  76  9:12  Photon Cannon  
  76  9:15  Photon Cannon  
  76  9:16  Pylon  
  76  9:30  Probe x2 (Chrono Boost)  
  78  9:47  Dark Templar x4  
  86  9:58  Immortal  
  90  10:01  Probe (Chrono Boost)  
  90  10:03  Probe (Chrono Boost)  
  93  10:07  Probe (Chrono Boost)  
  93  10:12  Probe (Chrono Boost)  
  94  10:16  Probe (Chrono Boost)  
  94  10:18  Probe (Chrono Boost)  
  96  10:36  Warp Prism  
  75  11:50  Stalker x4  
  75  11:51  Stalker  
  87  11:54  Probe x3 (Chrono Boost)  
  86  12:04  Probe (Chrono Boost)  
  86  12:05  Probe (Chrono Boost)  
  86  12:15  Probe (Chrono Boost)  
  86  12:22  Probe x2 (Chrono Boost)  
  88  12:26  Probe (Chrono Boost)  
  89  12:30  Stalker x5  
  89  12:32  Probe x2 (Chrono Boost)  
  89  12:36  Probe (Chrono Boost)  
  102  12:45  Probe x2 (Chrono Boost)  
  102  12:47  Probe (Chrono Boost)  
  105  12:55  Probe (Chrono Boost)  
  105  12:56  Probe (Chrono Boost)  
  107  12:59  Assimilator  
  107  13:03  Assimilator  
  102  13:05  Dark Templar x2  
  102  13:06  Gateway, Dark Templar x3  
  102  13:08  Gateway  
  85  13:35  Probe x3 (Chrono Boost)  
  84  13:46  Probe x3 (Chrono Boost)  
  79  13:56  Probe x2 (Chrono Boost)  
  79  13:57  Probe (Chrono Boost)  
  82  14:06  Zealot  
  82  14:07  Probe x2 (Chrono Boost)  
Show
View Real Time Build Order
Export as new Build Order

Fropez Protoss 

Build Orders:  

Get SALT Encoding   

  12  0:01  Probe (Chrono Boost)  
  13  0:12  Probe (Chrono Boost)  
  14  0:18  Pylon  
  14  0:22  Probe (Chrono Boost)  
  15  0:37  Probe (Chrono Boost)  
  15  0:39  Gateway  
  16  0:47  Assimilator  
  16  0:48  Probe (Chrono Boost)  
  17  0:58  Probe (Chrono Boost)  
  18  1:09  Probe (Chrono Boost)  
  19  1:16  Gateway  
  19  1:19  Probe (Chrono Boost)  
  20  1:30  Probe (Chrono Boost)  
  21  1:33  Zealot (Chrono Boost)  
  23  2:44  Nexus  
  23  2:49  Pylon  
  23  3:03  Assimilator  
  27  3:18  Pylon, Probe  
  24  3:27  Pylon  
  24  3:30  Probe  
  25  3:39  Pylon  
  25  3:42  Probe  
  25  3:46  Zealot (Chrono Boost)  
  28  3:54  Probe, Cybernetics Core  
  29  3:59  Probe  
  30  4:06  Probe  
  30  4:09  Zealot (Chrono Boost)  
  33  4:12  Probe  
  33  4:14  Zealot (Chrono Boost)  
  36  4:25  Probe (Chrono Boost)  
  36  4:30  Adept (Chrono Boost), Mothership Core (Chrono Boost)  
  39  4:38  Adept  
  41  4:40  Pylon  
  41  4:42  Pylon  
  41  4:53  Probe x2 (Chrono Boost)  
  41  4:55  Assimilator, Stalker  
  42  5:04  Stalker  
  42  5:06  Pylon, Probe x2 (Chrono Boost)  
  46  5:08  Warp Gate (Chrono Boost)  
  46  5:19  Twilight Council  
  46  5:22  Stalker  
  48  5:34  Probe, Stalker  
  51  5:41  Probe  
  51  5:42  Blink (Chrono Boost)  
  50  5:46  Probe  
  51  5:52  Pylon  
  51  5:53  Probe  
  51  5:56  Gateway  
  52  5:57  Pylon  
  52  5:58  Probe, Stalker  
  55  6:05  Probe  
  56  6:11  Stalker  
  56  6:17  Probe  
  59  6:21  Pylon  
  59  6:27  Probe  
  59  6:32  Robotics Facility  
  60  6:36  Probe  
  60  6:37  Assimilator  
  61  6:46  Gateway  
  61  6:47  Probe  
  61  6:53  Gateway  
  62  6:59  Stalker x3  
  68  7:19  Observer  
  69  7:23  Stalker x2  
  69  7:24  Stalker  
  69  7:28  Probe  
  76  7:37  Probe  
  76  7:40  Probe  
  78  7:45  Warp Prism  
  78  7:49  Stalker x4  
  80  8:18  Adept x5  
  78  8:40  Stalker x4  
  78  8:41  Stalker  
  86  8:44  Immortal  
  88  8:53  Probe  
  88  8:55  Probe  
  84  8:58  Resonating Glaives  
  84  9:00  Nexus  
  84  9:03  Pylon  
  84  9:21  Adept x3  
  84  9:22  Adept x2  
  94  9:31  Probe  
  94  9:38  Pylon  
  94  9:55  Pylon  
  94  9:56  Probe  
  94  9:57  Pylon  
  94  9:58  Pylon, Immortal  
  99  10:01  Pylon  
  99  10:08  Adept  
  99  10:13  Adept x2  
  99  10:14  Adept  
  107  10:20  Probe, Gateway  
  108  10:22  Gateway  
  108  10:35  Adept x3  
  112  10:36  Adept  
  105  10:59  Observer (Chrono Boost)  
  100  11:24  Probe x2  
  98  11:38  Observer (Chrono Boost)  
  91  11:57  Stalker x6  
  88  12:30  Observer (Chrono Boost)  
  88  12:46  Adept  
  88  12:47  Adept x5  
  98  13:17  Nexus  
  98  13:21  Pylon  
  98  13:23  Pylon  
  94  13:28  Pylon  
  59  13:41  Stalker x4  
  59  13:42  Stalker x2  
  39  14:13  Stalker x3  
  39  14:14  Stalker  
Tags
 
League
Gold
Matchup
PvP
Replay Pack
All Mines
Spawn Locations
Cross Positions
Add a new tag
Caveats
  • Supply blocks, unpowered buildings, or Contaminate may cause inaccurate times.
  • Supply counts are checked every 10 seconds.